 Dungeon Sprint DCSS version 0.22.1-2-g9c5b331 (webtiles) character file.

2750 diana the Carver (level 9, -1/79 HPs)
             Began as a Demonspawn Gladiator on Dec 22, 2018.
             Was a Believer of Okawaru.
             Slain by a rust devil (7 damage)
             ... summoned by an orc high priest
             ... in the Dungeon (Sprint III: "The Ten Rune Challenge").
             The game lasted 00:06:40 (2270 turns).

diana the Carver (Demonspawn Gladiator)             Turns: 2270, Time: 00:06:42

Health: -1/79      AC: -6    Str: 16    XL:     9   Next: 41%
Magic:  12/13      EV: 22    Int: 11    God:    Okawaru [**....]
Gold:   623        SH:  0    Dex: 15    Spells: 8/8 levels left

rFire    . . .     SeeInvis .   a - +0 long sword
rCold    + . .     Gourm    .   (no shield)
rNeg     . . .     Faith    .   b - +0 leather armour
rPois    .         Spirit   .   c - +0 helmet
rElec    .         Reflect  .   m - +0 cloak
rCorr    .         Harm     .   (no gloves)
MR       .....     Rnd*Rage +   (no boots) Stlth ++++......NoTele +
                                (no amulet)
HPRegen  0.23/turn              (no ring)
MPRegen  0.13/turn              (no ring)

@: heroism, corroded
A: claws 1, talons 2, yellow scales 1, berserk 1, cold resistance 1,
nightstalker 1, evolution 1
a: Heroism, Renounce Religion


You were in the Dungeon.
You worshipped Okawaru.
Okawaru was pleased with you.
You were hungry.

You visited 1 branch You collected 623 gold pieces.

Inventory:

Hand Weapons
 a - a +0 long sword (weapon)
Armour
 b - a +0 leather armour (worn)
 c - a +0 helmet (worn)
 m - a +0 cloak (worn)
Scrolls
 k - a scroll of blinking
 l - 2 scrolls of immolation
 n - a scroll of torment
 q - a scroll of enchant weapon
Potions
 e - 4 potions of curing
 h - a potion of haste
 i - 2 potions of magic
 j - 4 potions of berserk rage
 p - a potion of flight
Miscellaneous
 g - a box of beasts
Comestibles
 f - 4 rations


   Skills:
 + Level 10.6(15.6) Fighting
 * Level 13.5(18.5) Long Blades
 - Level 1.7(6.7) Throwing
 + Level 4.0(9.0) Armour
 + Level 10.1(15.1) Dodging
 + Level 5.8 Invocations


You had 8 spell levels left.
You didn't know any spells.
Your spell library contained the following spells:

 Spells                   Type           Power        Failure   Level  Hunger
 Confusing Touch          Hex            #.....       38%         1    ##.....
 Magic Dart               Conj           #...         38%         1    ##.....
 Blink                    Tloc           N/A          52%         2    ###....
 Call Imp                 Summ           #.......     52%         2    ###....
 Slow                     Hex            #.......     52%         2    ###....
 Confuse                  Hex            #.......     77%         3    ####...
 Conjure Flame            Conj/Fire      #.......     77%         3    ####...
 Gell's Gravitas          Tloc           #.........   77%         3    ####...
 Mephitic Cloud           Conj/Pois/Air  #.......     77%         3    ####...
 Petrify                  Tmut/Erth      #.......     99%         4    #####..
 Metabolic Englaciation   Hex/Ice        #.........   100%        5    ######.
 Yara's Violent Unravell  Hex/Tmut       #.........   100%        5    ######.


Dungeon Overview and Level Annotations

Branches:
Dungeon (1/1)

Altars:
Cheibriados
Dithmenos
Elyvilon
Fedhas
Gozag
Hepliaklqana
Kikubaaqudgha
Makhleb
Nemelex Xobeh
Okawaru
Qazlal
Ru
Sif Muna
Trog
Uskayaw
Vehumet
Wu Jian
Xom
Yredelemnul
Zin
The Shining One
Beogh
Jiyva
Lugonu


Innate Abilities, Weirdness & Mutations

You have razor-sharp toenails.
You are partially covered in yellow scales. (AC +2)
You are slightly more attuned to the shadows.
You have sharp fingernails.
You tend to lose your temper in combat.
Your flesh is cold resistant. (rC+)
You evolve.


Message History

You claw the orc high priest, but do no damage.
The orc high priest is severely wounded.
The orc high priest mumbles some strange prayers.
The orc high priest hits you with a battleaxe!
* * * LOW HITPOINT WARNING * * *
The hobgoblin misses you.
You hit the orc high priest. Your kick misses the orc high priest.
The orc high priest is almost dead.
The rust devil hits you!
* * * LOW HITPOINT WARNING * * *
The rust devil corrodes you! The rust devil barely misses you.
The hobgoblin barely misses you.
You miss the orc high priest.
You claw the orc high priest, but do no damage.
Your claw misses the orc high priest.
The orc high priest is almost dead.
The orc high priest closely misses you. The rust devil misses you.
You riposte.
You closely miss the rust devil. Your kick misses the rust devil.
The rust devil hits you!
You die...

#..#___#___#__##$o
#..#)..#__.#._#$oo
#..###'#'###)##$o
#..#...(......#$$
...'))....).()#$#
..)#...######'#o#
...#.⌠.#__#..)#o########
...#...#__#.).#og4.#.#)#
.).#)###__#...##@#.)#.##
...#...#__#...'##4#.#.#
...#___#__'...#...#..#.
▓▓▓▓▓▓▓▓▓▓▓▓▓▓▓▓▓▓▓▓▓▓▓▓


You could see an orc high priest, 2 rust devils, an orc warrior, an orc and a
hobgoblin.

Vanquished Creatures
  An orc high priest (D)
  An orc knight (D)
  A deep elf mage (D)
  A shadow (D)
  A spatial vortex (D)
  An orc warrior (D)
  A necrophage (D)
  3 two-headed ogres (D)
  A water elemental (D)
  A jelly (D)
  4 orc priests (D)
  Crazy Yiuf (D)
  An orc wizard (D)
  Jessica (D)
  A wizard (D)
  A necromancer (D)
  A kobold demonologist (D)
  3 humans (D)
  4 orcs (D)
  3 rats (D)
32 creatures vanquished.

Vanquished Creatures (others)
  2 draconian scorchers (D)
  6 hellions (D)
  2 yaktaurs (D)
10 creatures vanquished.

Grand Total: 42 creatures vanquished

Notes
Turn   | Place    | Note
-------+----------+-------------------------------------------
     0 | D        | diana the Demonspawn Gladiator began the quest for the Orb.
     0 | D        | Reached XP level 1. HP: 16/16 MP: 1/1
    17 | D        | Reached skill level 3 in Long Blades
   100 | D        | Killed a hellion
   101 | D        | Killed a hellion
   102 | D        | Killed a hellion
   103 | D        | Killed a yaktaur
   112 | D        | Killed a yaktaur
   157 | D        | Killed a white draconian scorcher
   158 | D        | Noticed Jessica
   166 | D        | Killed Jessica
   166 | D        | Reached skill level 4 in Long Blades
   166 | D        | Gained mutation: You have sharp toenails. [demonic
                  | ancestry]
   166 | D        | Reached XP level 2. HP: 15/24 MP: 2/2
   216 | D        | Killed a white draconian scorcher
   282 | D        | Killed a hellion
   294 | D        | Reached skill level 5 in Long Blades
   294 | D        | Gained mutation: You are partially covered in yellow
                  | scales. (AC +2) [demonic ancestry]
   294 | D        | Reached XP level 3. HP: 6/30 MP: 3/3
   310 | D        | Killed a hellion
   335 | D        | Killed a hellion
   531 | D        | Noticed Crazy Yiuf
   536 | D        | Killed Crazy Yiuf
   536 | D        | Reached XP level 4. HP: 12/38 MP: 4/4
   627 | D        | Gained mutation: You are robust. (+10% HP) [potion of
                  | mutation]
   627 | D        | Gained mutation: Your magical capacity is low. (-10% MP)
                  | [potion of mutation]
   627 | D        | Gained mutation: You are very robust. (+20% HP) [potion of
                  | mutation]
   628 | D        | Lost mutation: You are very robust. (+20% HP) [potion of
                  | mutation]
   628 | D        | Lost mutation: You are robust. (+10% HP) [potion of
                  | mutation]
   628 | D        | Gained mutation: You tend to lose your temper in combat.
                  | [potion of mutation]
   628 | D        | Gained mutation: Your system is resistant to poisons.
                  | (rPois) [potion of mutation]
   628 | D        | Gained mutation: You often lose your temper in combat.
                  | [potion of mutation]
   628 | D        | Gained mutation: You have a pair of small antennae on your
                  | head. [potion of mutation]
   629 | D        | Lost mutation: Your system is resistant to poisons. (rPois)
                  | [potion of mutation]
   629 | D        | Lost mutation: Your magical capacity is low. (-10% MP)
                  | [potion of mutation]
   629 | D        | Lost mutation: You often lose your temper in combat.
                  | [potion of mutation]
   629 | D        | Gained mutation: You have sharp fingernails. [potion of
                  | mutation]
   629 | D        | Gained mutation: Your mind is acute. (Int +2) [potion of
                  | mutation]
   630 | D        | Lost mutation: Your mind is acute. (Int +2) [potion of
                  | mutation]
   630 | D        | Lost mutation: You have a pair of small antennae on your
                  | head. [potion of mutation]
   630 | D        | Gained mutation: You evolve. [potion of mutation]
   630 | D        | Gained mutation: Your flesh is cold resistant. (rC+)
                  | [potion of mutation]
   752 | D        | Noticed a water elemental
   762 | D        | Killed a water elemental
   762 | D        | Reached skill level 5 in Fighting
   762 | D        | Reached skill level 6 in Long Blades
   762 | D        | Reached skill level 5 in Dodging
   863 | D        | Found a radiant altar of Vehumet.
   863 | D        | Found a deep blue altar of Sif Muna.
   863 | D        | Found an ancient bone altar of Kikubaaqudgha.
   863 | D        | Noticed a wizard
   867 | D        | Killed a wizard
   867 | D        | Reached skill level 7 in Long Blades
   867 | D        | Reached XP level 5. HP: 43/44 MP: 5/5
   884 | D        | Found a glowing silver altar of Zin.
   884 | D        | Found a glowing golden altar of the Shining One.
   884 | D        | Found a white marble altar of Elyvilon.
   885 | D        | Noticed a deep elf mage
   893 | D        | Killed a deep elf mage
   893 | D        | Reached skill level 10 in Long Blades
   893 | D        | Gained mutation: You are slightly more attuned to the
                  | shadows. [demonic ancestry]
   893 | D        | Reached XP level 6. HP: 36/56 MP: 6/6
   893 | D        | Gained mutation: You have razor-sharp toenails. [demonic
                  | ancestry]
   893 | D        | Reached XP level 7. HP: 39/61 MP: 7/7
  1132 | D        | Found a basalt altar of Yredelemnul.
  1132 | D        | Found a shadowy altar of Dithmenos.
  1132 | D        | Found a sacrificial altar of Ru.
  1287 | D        | Found a hide-covered altar of Uskayaw.
  1287 | D        | Found a roughly hewn altar of Beogh.
  1287 | D        | Found an iron altar of Okawaru.
  1287 | D        | Found a bloodstained altar of Trog.
  1287 | D        | Found an ornate altar of the Wu Jian Council.
  1287 | D        | Noticed a human
  1288 | D        | Noticed a human
  1294 | D        | Killed a human
  1294 | D        | Reached skill level 11 in Long Blades
  1307 | D        | Killed a human
  1488 | D        | Became a worshipper of Warmaster Okawaru
  1497 | D        | Noticed a shadow
  1502 | D        | Killed a shadow
  1502 | D        | Reached XP level 8. HP: 71/71 MP: 8/8
  1545 | D        | Found a blossoming altar of Fedhas.
  1545 | D        | Found a stormy altar of Qazlal.
  1545 | D        | Found a snail-covered altar of Cheibriados.
  1545 | D        | Found a burning altar of Makhleb.
  1545 | D        | Found a shimmering altar of Xom.
  1546 | D        | Found a hazy altar of Hepliaklqana.
  1546 | D        | Found an opulent altar of Gozag.
  1546 | D        | Found a sparkling altar of Nemelex Xobeh.
  1546 | D        | Found a corrupted altar of Lugonu.
  1546 | D        | Found a viscous altar of Jiyva.
  1557 | D        | Reached * piety under Okawaru
  1557 | D        | Reached skill level 12 in Long Blades
  1639 | D        | Reached skill level 1 in Invocations
  1677 | D        | Noticed an orc high priest
  1723 | D        | Reached skill level 1 in Armour
  1862 | D        | Noticed a rust devil
  1869 | D        | Noticed a hellwing
  1869 | D        | Killed an orc high priest
  1869 | D        | Reached ** piety under Okawaru
  1869 | D        | Reached skill level 10 in Fighting
  1869 | D        | Reached skill level 13 in Long Blades
  1869 | D        | Reached XP level 9. HP: 54/78 MP: 7/12
  1958 | D        | Noticed an orc knight
  1981 | D        | Killed an orc knight
  1981 | D        | Reached skill level 10 in Dodging
  1981 | D        | Reached skill level 5 in Invocations
  2254 | D        | Noticed an orc high priest
  2262 | D        | Noticed a rust devil
  2262 | D        | Noticed a rust devil
  2270 | D        | Slain by a rust devil

Skill      XL: |  1  2  3  4  5  6  7  8  9 |
---------------+----------------------------+-----
Long Blades    | 4 5 7 10 11 13 | 13.5
Fighting       | 3 4 5 7 9 10 | 10.6
Dodging        | 3 4 5 7 8 9 10 | 10.1
Invocations    | 4 5 |  5.8
Armour         | 3 4 |  4.0
Throwing       | |  1.7

Action                   |  1- 3 |  4- 6 |  7- 9 || total
-------------------------+-------+-------+-------++-------
Melee: Long sword        |    34 |    23 |   139 ||   196
       Kick              |     3 |     6 |    54 ||    63
       Punch             |       |       |     3 ||     3
Throw: Throwing net      |     2 |       |     2 ||     4
Invok: Heroism           |       |       |     3 ||     3
  Use: Potion            |       |     5 |       ||     5
       Scroll            |       |       |     4 ||     4
 Stab: Held in net/web   |     3 |       |       ||     3
       Sleeping          |       |       |     1 ||     1
       Distracted        |       |       |     1 ||     1
  Eat: Chunk             |       |       |     4 ||     4
Armor: Leather armour    |     5 |     3 |    10 ||    18
Dodge: Dodged            |    15 |    10 |    81 ||   106
       Rpst.: Long sword |     4 |     2 |    26 ||    32
